 Dungeon Crawl Stone Soup version 0.14-a0-2381-g4cacdb4 (webtiles) character file.

717 HollowCharge the Covered (level 7, -4/49 HPs)
             Began as a Formicid Fighter on Feb 2, 2014.
             Slain by Grinder (9 damage)
             ... on Level 5 of the Dungeon.
             The game lasted 00:20:34 (5185 turns).

HollowCharge the Covered (Formicid Fighter)         Turns: 5185, Time: 00:20:34

HP  -4/49        AC 10     Str 23      XL: 7   Next: 58%
MP   7/7         EV  8     Int  7      God:
Gold 243         SH 23     Dex 10      Spells:  0 memorised,  6 levels left

rFire  . . .     SeeInvis +     h - +0,+1 orc war axe
rCold  . . .     Clarity  .     u - +2 ring mail
rNeg   . . .     Conserve .     t - +2 dwarf shield
rPois  x         rCorr    .     (helmet unavailable)
rElec  .         rRot     .     (no cloak)
SustAb . .       Spirit   .     (no gloves)
rMut   .         Warding  .     b - +0 pair of boots
Saprov . . .     Stasis   +     (no amulet)
MR     .....                    (no ring)
                                (no ring)

@: not resistant to hostile enchantments, extremely unstealthy
A: permanent stasis, dig shafts and tunnels, four strong arms, poison weakness,
antennae 3, exoskeleton 1
a: Dig, Shaft Self


You were on level 5 of the Dungeon.
You were hungry.

You visited 1 branch of the dungeon, and saw 5 of its levels.
You also visited: Sewer.

You collected 243 gold pieces.

Inventory:

Hand weapons
 a - a +0,+0 hand axe
 h - a +0,+1 orcish war axe (weapon)
Armour
 b - a +0 pair of boots (worn)
 t - a +2 dwarven shield (worn)
 u - a +2 ring mail (worn)
Magical devices
 x - a wand of hasting (1) {unknown}
Comestibles
 d - 6 bread rations
 i - a slice of pizza
 j - an apple
 l - 3 meat rations
 o - a pear
Scrolls
 e - a scroll of immolation {unknown}
 p - 3 scrolls of remove curse
 q - 2 scrolls of enchant weapon II {unknown}
 r - a scroll of blinking {unknown}
 v - a scroll of fog {unknown}
 w - 2 scrolls of recharging {unknown}
 B - 2 scrolls of curse jewellery {unknown}
Jewellery
 k - an uncursed ring of invisibility
Potions
 c - 5 potions of curing
 g - a potion of restore abilities
 m - 2 potions of cure mutation
 n - a potion of confusion {unknown}
 s - 4 potions of flight
 z - a potion of resistance


   Skills:
 + Level 4.3 Fighting
 * Level 4.9 Axes
 + Level 4.9 Armour
 - Level 0.5 Dodging
 + Level 4.5 Shields


You had 6 spell levels left.
You didn't know any spells.

Dungeon Overview and Level Annotations

Branches:
Dungeon (5/16)
 Temple: D:4-7

Altars:
Cheibriados
Elyvilon
Fedhas
Makhleb
Vehumet

Annotations:
D:5 Grinder


Innate Abilities, Weirdness & Mutations

Your are under a permanent stasis effect.
You can dig through walls and to a lower floor.
Your four strong arms can wield any weapon, most with a shield.
You are susceptible to poison.
You have a pair of large antennae on your head (SInv).
Your body is surrounded by an exoskeleton. (AC +1)


Message History

Your stasis keeps you stable.
Your shield prevents you from hitting Grinder.
Grinder is heavily wounded.
Grinder gestures at you. You resist. Grinder gestures at you. You resist.
You closely miss Grinder.
Grinder is heavily wounded.
Grinder hits you but does no damage.
You slash Grinder!
Grinder is severely wounded.
Grinder hits you.
* * * LOW HITPOINT WARNING * * *
You writhe in agony.
* * * LOW HITPOINT WARNING * * *
Your shield and ring mail prevent you from hitting Grinder.
Grinder is severely wounded.
Grinder hits you!
You die...

# .. % .. ##.
...) #.. ....#
##.##....#
.#####.........
............>....
#.@5.#.# +....#.#
...#.###...[#.#
......?.....#.#
.....###....#.#
.. #....#.#
####.#.#
#...#.#####
###......<#


You could see Grinder.

Vanquished Creatures
  A big kobold (Sewer)
  2 big fish
  A giant frog skeleton (D:5)
  A hound (D:4)
  A scorpion (D:4)
  A worker ant (D:4)
  9 adders
  A giant mite (D:2)
  A worm (D:4)
  An adder skeleton (D:4)
  2 grey rats (Sewer)
  2 oozes
  8 orcs
  8 bats
  14 hobgoblins
  11 jackals
  15 kobolds
  4 quokkas (D:3)
  A ball python (D:4)
  5 giant cockroaches
  6 giant geckos
  5 giant newts
  10 goblins
  A kobold skeleton (D:4)
  14 rats
125 creatures vanquished.

Notes
Turn   | Place    | Note
--------------------------------------------------------------
     0 | D:1      | HollowCharge, the Formicid Fighter, began the quest for the Orb.
     0 | D:1      | Reached XP level 1. HP: 16/16 MP: 1/1
   164 | D:1      | Reached XP level 2. HP: 21/21 MP: 2/2
   285 | D:1      | Reached XP level 3. HP: 23/26 MP: 3/3
   404 | D:1      | Reached skill level 4 in Armour
   580 | D:2      | Reached XP level 4. HP: 19/31 MP: 4/4
   897 | D:2      | Found a blossoming altar of Fedhas.
   912 | D:2      | Found a white marble altar of Elyvilon.
   926 | D:2      | Found a burning altar of Makhleb.
   955 | D:2      | Found a radiant altar of Vehumet.
  1101 | D:2      | Reached XP level 5. HP: 32/36 MP: 5/5
  2637 | D:3      | Found a snail-covered altar of Cheibriados.
  3008 | D:3      | Reached XP level 6. HP: 36/43 MP: 6/6
  3715 | D:4      | Found a glowing drain.
  3872 | Sewer    | Entered a sewer
  4125 | Sewer    | Reached XP level 7. HP: 8/48 MP: 7/7
  4366 | Sewer    | Found a white marble altar of Elyvilon.
  5153 | D:5      | Entered Level 5 of the Dungeon
  5168 | D:5      | Noticed Grinder
  5185 | D:5      | Slain by Grinder

Action                   |  1- 3 |  4- 6 |  7- 9 || total
-------------------------+-------+-------+-------++-------
Melee: Hand axe          |   100 |   366 |    17 ||   483
       War axe           |       |       |    52 ||    52
  Use: Scroll            |       |    11 |     3 ||    14
       Potion            |       |     1 |       ||     1
